 Dungeon Crawl Stone Soup version 0.18.0-1-g0107ab7 (webtiles) character file.

32957 Locuples the Severer (level 13, -10/110 HPs)
             Began as a Naga Fighter on May 4, 2016.
             Was a High Priest of Okawaru.
             Mangled by a fire crab (14 damage)
             ... on level 5 of the Lair of Beasts on May 5, 2016.
             The game lasted 01:09:14 (16718 turns).

Locuples the Severer (Naga Fighter)                Turns: 16718, Time: 01:09:15

Health: -10/110    AC: 29    Str: 28    XL:     13   Next: 67%
Magic:  13/13      EV:  3    Int:  8    God:    Okawaru [*****.]
Gold:   643        SH: 11    Dex: 11    Spells: 0 memorised, 12 levels left

rFire  . . .     SeeInvis +     P - +1 broad axe (freeze)
rCold  + . .     Gourm    .     G - +0 plate armour
rNeg   + . .     Faith    .     c - +0 shield
rPois  +         Spirit   .     o - +2 hat
rElec  .         Dismiss  .     V - +0 cloak
rCorr  .         Reflect  .     B - +0 pair of gloves of the Grue {MR+ Regen+}
SustAt .         Harm     .     O - +1 naga barding {Fly}
MR     ++...     Rnd*Tele +     (no amulet)
Stlth  ..........               (no ring)
                                M - ring of positive energy

@: very slow, very resistant to hostile enchantments, extremely unstealthy
A: horns 1, stinger 1, iridescent scales 1, molten scales 1, see invisible, cold
resistance 1, deformed body, frail 1, poison resistance, slowness 2, slow
metabolism 1, spit poison 2, strong 2, teleportitis 1, subdued magic 1,
constrict 1, AC +4
a: Spit Poison, Heroism, Finesse, Renounce Religion, Evoke Flight


You were on level 5 of the Lair of Beasts.
You worshipped Okawaru.
Okawaru was extremely pleased with you.
You were hungry.

You visited 3 branches of the dungeon, and saw 17 of its levels.

You collected 1138 gold pieces.
You spent 495 gold pieces at shops.

Inventory:

Hand Weapons
 F - a +0 war axe of chopping
 P - a +1 broad axe of freezing (weapon)
 W - a +0 executioner's axe of venom
Armour
 c - a +0 shield (worn)
 o - a +2 hat (worn)
 B - the +0 pair of gloves of the Grue (worn) {MR+ Regen+}
   (You bought it in a shop on level 11 of the Dungeon)

   It affects your resistance to hostile enchantments.
   It increases your rate of regeneration.
 G - a +0 plate armour (worn)
 O - a +1 naga barding of flying (worn)
 V - a +0 cloak (worn)
Jewellery
 M - a ring of positive energy (left hand)
Wands
 a - a wand of teleportation (2/9)
 v - a wand of heal wounds (5/9)
 C - a wand of iceblast (6/15)
 N - a wand of flame (17/48)
Scrolls
 b - a scroll of enchant armour
 d - 9 scrolls of blinking
 e - 2 scrolls of recharging
 h - a scroll of silence {unknown}
 k - a scroll of fear
 p - 3 scrolls of magic mapping
 t - 8 scrolls of teleportation
 w - 6 scrolls of identify
 A - 4 scrolls of remove curse
 E - a scroll of amnesia
 K - 3 scrolls of immolation {unknown}
 R - a scroll of noise {unknown}
 T - 2 scrolls of vulnerability {unknown}
Potions
 i - a potion of lignification {unknown}
 j - 2 potions of magic {unknown}
 l - 2 potions of flight {unknown}
 q - 2 potions of brilliance
 r - a potion of resistance {unknown}
 s - a potion of invisibility {unknown}
 u - 3 potions of mutation {unknown}
 z - a potion of cancellation {unknown}
 D - a potion of might
 X - a potion of agility {unknown}
Books
 H - a book of Geomancy

   Spells                             Type                      Level
   a - Sandblast                      Earth                        1
   b - Passwall                       Transmutation/Earth          2
   c - Stone Arrow                    Conjuration/Earth            3
   d - Petrify                        Transmutation/Earth          4
   e - Lee's Rapid Deconstruction     Earth                        5
 S - an Akashic Record

   Spells                             Type                      Level
   a - Dispersal                      Translocation                6
   b - Malign Gateway                 Summoning/Translocation      7
   c - Disjunction                    Translocation                8
   d - Controlled Blink               Translocation                8
 U - a book of Alchemy

   Spells                             Type                      Level
   a - Sublimation of Blood           Necromancy                   2
   b - Ignite Poison                  Fire/Transmutation/Poison    3
   c - Petrify                        Transmutation/Earth          4
   d - Alistair's Intoxication        Transmutation/Poison         5
   e - Irradiate                      Conjuration/Transmutation    5
Comestibles
 f - 7 bread rations
 m - 10 royal jellies
 n - 5 meat rations
 x - 12 fruits
 J - 2 beef jerkies
 L - a slice of pizza


   Skills:
 + Level 10.1 Fighting
 + Level 15.7 Axes
 + Level 8.8 Armour
 - Level 7.7 Shields


You had 12 spell levels left.
You didn't know any spells.

Dungeon Overview and Level Annotations

Branches:
Dungeon (11/15)            Temple (1/1) D:4            Lair (5/8) D:9
  Swamp (0/4) Lair:4       Spider (0/4) Lair:4
    Orc: D:9-12

Altars:
Ashenzari
Cheibriados
Dithmenos
Elyvilon
Fedhas
Gozag
Kikubaaqudgha
Makhleb
Nemelex Xobeh
Okawaru
Pakellas
Qazlal
Ru
Trog
Vehumet
Xom
Yredelemnul
Zin
The Shining One

Shops:
D:6 *   D:11 (?[?}


Innate Abilities, Weirdness & Mutations

You cannot wear boots.
Your serpentine skin is tough (AC +4).
You have supernaturally acute eyesight.
Armour fits poorly on your strangely shaped body.
Your system is resistant to poisons.
You cover ground very slowly.
You have a slow metabolism.
You can spit poison.
You can use your snake-like lower body to constrict enemies.
You have a pair of small horns on your head.
Your tail ends in a poisonous barb.
You are partially covered in iridescent scales (AC +4).
You are partially covered in molten scales (AC +1).
Your flesh is cold resistant.
You are frail (-10% HP).
Your muscles are very strong. (Str +4)
You are occasionally teleported next to monsters.
Your spells are a little easier to cast, but a little less powerful.


Message History

The fire crab is severely wounded.
You are engulfed in roaring flames.
You constrict the fire crab. The fire crab bites you!
You are engulfed in flames!
The fire crab claws you!
You are engulfed in flames!
You hit the fire crab but do no damage.
The fire crab is severely wounded.
You are engulfed in roaring flames.
* * * LOW HITPOINT WARNING * * *
You constrict the fire crab. The fire crab bites you.
* * * LOW HITPOINT WARNING * * *
You are engulfed in flames!
* * * LOW HITPOINT WARNING * * *
You block the fire crab's attack.
Drink which item? (? for menu, Esc to quit)
You feel better.
You are engulfed in roaring flames.
* * * LOW HITPOINT WARNING * * *
You constrict the fire crab. The fire crab bites you.
* * * LOW HITPOINT WARNING * * *
You are engulfed in flames!
You die...

...............≈≈≈≈≈≈.≈..#######
#.#......##.....≈≈........#
###..P.####.....≈.........#
#...#.#.##...##....#.....#####
#...#..#.....###..#..#.......##
##............#................#
........P......#..............##
.........P...†..t...##P.......#
#......P##..†...@..#.#........#
#....#.###....P.#..####.......#
##.....#......###..###........#
P#...........#.##...##........#
.......[.....###.....##..#.PP.##
..........................####.#
#.........................# ###
###................P#.P...#
##..................##....#


You could see a fire crab.

Vanquished Creatures
  Gastronok (Lair:2)
  Erolcha (D:9)
  5 hydras
  A centaur warrior (D:11)
  A death knight (D:11)
  A skeletal warrior (D:11)
  Pikel (D:6)
  A manticore (D:11)
  2 ugly things (D:11)
  A cyclops (D:10)
  Maurice (D:8)
  Joseph (D:7)
  2 black mambas
  A gargoyle (D:10)
  5 spiny frogs
  3 komodo dragons
  A rime drake (Lair:3)
  4 jumping spiders (Lair:4)
  2 trolls
  A two-headed ogre (D:6)
  4 blink frogs
  A boulder beetle (Lair:4)
  Sigmund (D:4)
  2 wyverns
  A vampire (D:11)
  Eustachio (D:6)
  3 wraiths (D:11)
  3 redbacks (Lair:4)
  2 spriggans (Lair:2)
  2 fire elementals (Lair:3)
  28 yaks
  A basilisk (Lair:5)
  6 hippogriffs
  Menkaure (D:7)
  2 hungry ghosts (D:11)
  A soldier ant (D:9)
  8 water moccasins
  A black bear (Lair:2)
  3 porcupines
  7 orc warriors
  2 ice beasts
  5 sky beasts
  2 phantoms
  A slave (D:6)
  A wasp (D:9)
  The ghost of flinch the Cudgeler, an amateur DrCK of Xom (D:4)
  A necrophage (D:5)
  2 wolves (Lair:2)
  4 ogres
  The ghost of jesusflecha the Chopper, an amateur DsGl (D:3)
  9 crocodiles
  2 centaurs (D:7)
  4 big kobolds (D:9)
  11 giant frogs
  A gnoll sergeant (D:9)
  A wyvern zombie (D:6)
  A water moccasin zombie (D:8)
  A scorpion (D:5)
  11 killer bees
  3 electric eels (Lair:4)
  10 howler monkeys
  3 centaur zombies
  4 crimson imps
  3 hounds
  10 orc wizards
  4 giant frog skeletons
  4 jellies
  7 orc priests
  A gnoll shaman (D:8)
  7 iguanas
  Terence (D:2)
  11 worker ants
  22 sheep
  A worker ant zombie (D:9)
  A howler monkey zombie (D:8)
  14 adders
  12 gnolls
  31 river rats
  6 shadow imps
  An adder zombie (D:8)
  3 adder skeletons
  3 worms
  8 dart slugs
  2 giant geckos
  33 orcs
  2 bat zombies (D:1)
  6 giant cockroaches
  6 goblins
  4 hobgoblins
  3 jackals (D:7)
  2 quokkas
  4 ball pythons
  6 bats
  A giant gecko zombie (D:5)
  7 giant newts
  A jackal skeleton (D:4)
  14 kobolds
  10 rats
  16 fungi
  5 plants
467 creatures vanquished.

Vanquished Creatures (others)
  A slave (D:6)
  A hound (D:6)
  4 orcs (D:6)
  4 fungi
  2 plants
12 creatures vanquished.

Grand Total: 479 creatures vanquished

Notes
Turn   | Place    | Note
--------------------------------------------------------------
     0 | D:1      | Locuples the Naga Fighter began the quest for the Orb.
     0 | D:1      | Reached XP level 1. HP: 21/21 MP: 1/1
   180 | D:1      | Reached XP level 2. HP: 28/28 MP: 2/2
   281 | D:1      | Reached skill level 3 in Axes
   732 | D:2      | Reached XP level 3. HP: 34/34 MP: 3/3
  1126 | D:2      | Reached skill level 4 in Axes
  1126 | D:2      | Reached XP level 4. HP: 42/42 MP: 4/4
  1512 | D:2      | Found a glowing silver altar of Zin.
  1571 | D:2      | Found an oddly glowing altar of Pakellas.
  1571 | D:2      | Noticed a fire dragon
  1584 | D:2      | Noticed Terence
  1597 | D:2      | Killed Terence
  1597 | D:2      | Reached skill level 5 in Axes
  1597 | D:2      | Reached XP level 5. HP: 48/49 MP: 5/5
  1668 | D:2      | Found a stormy altar of Qazlal.
  1780 | D:2      | Found a bloodstained altar of Trog.
  2116 | D:3      | Noticed jesusflecha's ghost (amateur DsGl)
  2141 | D:3      | Killed jesusflecha's ghost
  2141 | D:3      | Reached skill level 6 in Axes
  2141 | D:3      | Reached XP level 6. HP: 18/56 MP: 6/6
  3093 | D:4      | Noticed flinch's ghost (amateur DrCK)
  3107 | D:4      | Killed flinch's ghost
  3107 | D:4      | Reached skill level 7 in Axes
  3107 | D:4      | Reached XP level 7. HP: 46/62 MP: 7/7
  3475 | D:4      | Found a staircase to the Ecumenical Temple.
  3498 | D:4      | Reached skill level 8 in Axes
  3510 | Temple   | Entered the Ecumenical Temple
  3642 | Temple   | Became a worshipper of Warmaster Okawaru
  4001 | D:4      | Noticed Sigmund
  4011 | D:4      | Killed Sigmund
  4011 | D:4      | Reached skill level 9 in Axes
  4011 | D:4      | Reached XP level 8. HP: 52/69 MP: 8/8
  4481 | D:4      | Reached * piety under Okawaru
  4488 | D:4      | Gained mutation: Your body sometimes deteriorates upon taking damage. [mutagenic meat]
  4489 | D:4      | Gained mutation: You are partially covered in molten scales (AC +1). [mutagenic meat]
  4490 | D:4      | Lost mutation: Your body sometimes deteriorates upon taking damage. [mutagenic meat]
  4491 | D:4      | Gained mutation: You are partially covered in iridescent scales (AC +4). [mutagenic meat]
  4492 | D:4      | Gained mutation: You are frail (-10% HP). [mutagenic meat]
  4588 | D:5      | Entered Level 5 of the Dungeon
  4693 | D:5      | Reached skill level 10 in Axes
  4958 | D:5      | Found a sacrificial altar of Ru.
  5092 | D:5      | Found a snail-covered altar of Cheibriados.
  5338 | D:6      | Reached ** piety under Okawaru
  5338 | D:6      | Reached skill level 11 in Axes
  5343 | D:6      | Gained mutation: Your tail ends in a poisonous barb. [mutagenic meat]
  5559 | D:6      | Reached XP level 9. HP: 67/67 MP: 9/9
  5643 | D:6      | Noticed Pikel
  5664 | D:6      | Killed Pikel
  5664 | D:6      | Reached skill level 12 in Axes
  5706 | D:6      | Found Muyr's Assorted Antiques.
  5722 | D:6      | Bought a bubbling emerald potion for 20 gold pieces
  5722 | D:6      | Bought a scroll of identify for 46 gold pieces
  6144 | D:6      | Noticed a two-headed ogre
  6151 | D:6      | Killed a two-headed ogre
  6185 | D:6      | Noticed Eustachio
  6207 | D:6      | Killed Eustachio
  6207 | D:6      | Reached *** piety under Okawaru
  6229 | D:6      | Found an ancient bone altar of Kikubaaqudgha.
  6567 | D:7      | Noticed Joseph
  6588 | D:7      | Killed Joseph
  6767 | D:7      | Found a shattered altar of Ashenzari.
  6784 | D:7      | Reached XP level 10. HP: 70/76 MP: 10/10
  6808 | D:7      | Noticed Menkaure
  6817 | D:7      | Killed Menkaure
  7234 | D:7      | Reached **** piety under Okawaru
  7970 | D:8      | Found an opulent altar of Gozag.
  7973 | D:8      | Found a white marble altar of Elyvilon.
  7974 | D:8      | Found a basalt altar of Yredelemnul.
  8073 | D:8      | Noticed Maurice
  8096 | D:8      | Killed Maurice
  8503 | D:9      | Reached skill level 13 in Axes
  8664 | D:9      | Reached skill level 5 in Fighting
  8787 | D:9      | Reached skill level 5 in Armour
  9032 | D:9      | Noticed Erolcha
  9040 | D:10     | Entered Level 10 of the Dungeon
  9362 | D:10     | Noticed a cyclops
  9371 | D:10     | Killed a cyclops
  9371 | D:10     | Reached ***** piety under Okawaru
  9427 | D:10     | Gained mutation: Your flesh is cold resistant. [mutagenic meat]
  9428 | D:10     | Gained mutation: Your muscles are strong. (Str +2) [mutagenic meat]
  9429 | D:10     | Gained mutation: Your spells are a little easier to cast, but a little less powerful. [mutagenic meat]
  9431 | D:10     | Gained mutation: Your muscles are very strong. (Str +4) [mutagenic meat]
  9518 | D:10     | Noticed a gargoyle
  9531 | D:10     | Killed a gargoyle
  9531 | D:10     | Reached XP level 11. HP: 41/87 MP: 11/11
  9902 | D:10     | Reached skill level 5 in Shields
 10072 | D:9      | Found a staircase to the Lair.
 10094 | D:9      | Killed Erolcha
 11148 | D:11     | Noticed a death knight
 11151 | D:11     | Noticed a skeletal warrior
 11178 | D:11     | Killed a death knight
 11178 | D:11     | Received a gift from Okawaru
 11215 | D:11     | Killed a skeletal warrior
 11215 | D:11     | Reached skill level 14 in Axes
 11594 | D:11     | Found Wuquc's Magic Scroll Shop.
 11599 | D:11     | Bought a scroll of identify for 34 gold pieces
 11599 | D:11     | Bought a scroll of remove curse for 51 gold pieces
 11599 | D:11     | Bought a scroll of remove curse for 51 gold pieces
 11602 | D:11     | Found Yshifisch's Magic Scroll Boutique.
 11602 | D:11     | Found Xionykk's Antique Weapon Shoppe.
 11661 | D:11     | Noticed a manticore
 11674 | D:11     | Killed a manticore
 11675 | D:11     | Found Aqerung's Armour Shop.
 11679 | D:11     | Gained mutation: You are occasionally teleported next to monsters. [mutagenic meat]
 11681 | D:11     | Gained mutation: You have a pair of small horns on your head. [mutagenic meat]
 11716 | D:11     | Noticed a green ugly thing
 11725 | D:11     | Killed a green ugly thing
 11725 | D:11     | Reached XP level 12. HP: 79/98 MP: 12/12
 11731 | D:11     | Bought the cursed +0 pair of gloves of the Grue {MR+ Regen+} for 197 gold pieces
 11777 | D:11     | Bought a runed broad axe for 96 gold pieces
 11992 | D:11     | Found Ykitoywo's Quality Used Wands.
 12203 | D:11     | Noticed a centaur warrior
 12211 | D:11     | Killed a centaur warrior
 12376 | Lair:1   | Entered Level 1 of the Lair of Beasts
 12486 | Lair:1   | Received a gift from Okawaru
 12621 | Lair:1   | Noticed a five-headed hydra
 12632 | Lair:1   | Killed an 11-headed hydra
 13301 | Lair:2   | Noticed Gastronok
 13312 | Lair:2   | Killed Gastronok
 13433 | Lair:2   | Reached skill level 15 in Axes
 14119 | Lair:3   | Noticed a seven-headed hydra
 14135 | Lair:3   | Killed an 11-headed hydra
 14221 | Lair:3   | Noticed a seven-headed hydra
 14233 | Lair:3   | Killed an 11-headed hydra
 14233 | Lair:3   | Gained mutation: You can use your snake-like lower body to constrict enemies. [Naga growth]
 14233 | Lair:3   | Reached XP level 13. HP: 62/108 MP: 5/13
 14948 | Lair:4   | Upgraded the game from 0.18-b1-22-ge198996 to 0.18.0-1-g0107ab7
 15095 | Lair:4   | Received a gift from Okawaru
 15250 | Lair:4   | Found a hole to the Spider Nest.
 15393 | Lair:4   | Found a staircase to the Swamp.
 16541 | Lair:5   | Reached skill level 10 in Fighting
 16718 | Lair:5   | HP: 4/110 [fire crab (5)]
 16718 | Lair:5   | Mangled by a fire crab

Skill      XL: |  1  2  3  4  5  6  7  8  9 10 11 12 13 |
---------------+----------------------------------------+-----
Axes           | 3 4 5 6 7 9 11 12 13 14 15 | 15.7
Armour         | 3 5 6 7 8 |  8.8
Shields        | 3 4 6 7 |  7.7
Fighting       | 5 7 9 10 | 10.1

Action                   |  1- 3 |  4- 6 |  7- 9 | 10-12 | 13-15 || total
-------------------------+-------+-------+-------+-------+-------++-------
Melee: War axe           |    72 |   176 |   272 |   503 |       ||  1023
       Tailslap          |       |       |    19 |   132 |    49 ||   200
       Broad axe         |       |       |       |   282 |   151 ||   433
       Headbutt          |       |       |       |    57 |    72 ||   129
       Executioner's axe |       |       |       |       |    58 ||    58
       Constrict         |       |       |       |       |    57 ||    57
Invok: Heroism           |       |       |     3 |    15 |     3 ||    21
       Finesse           |       |       |       |     3 |     2 ||     5
 Abil: Spit Poison       |     5 |    13 |    33 |    27 |     7 ||    85
       Stop Flying       |       |       |       |     1 |       ||     1
Evoke: Wand              |       |       |       |     2 |       ||     2
  Use: Potion            |       |     1 |     2 |     4 |     2 ||     9
       Scroll            |       |     6 |     4 |     7 |     1 ||    18
 Stab: Invisible         |       |       |     1 |       |       ||     1
  Eat: Chunk             |       |     6 |    19 |    34 |     4 ||    63
       Fruit             |       |       |       |     1 |     5 ||     6
Armor: Scale mail        |    48 |    68 |    29 |   192 |       ||   337
       Ring mail         |       |    28 |    96 |       |       ||   124
       Plate armour      |       |       |       |   394 |   211 ||   605
Dodge: Dodged            |    28 |    54 |    59 |   177 |    39 ||   357
Block: Shield            |    31 |    82 |   119 |   450 |    95 ||   777
